 Dungeon Crawl Stone Soup version 0.27-a0-1136-g0b992a5a9d (webtiles) character file.

Game seed: 2032941606929995922

3660 Mesmaeker13 the Quickloader (level 10, -2/61 HPs)
             Began as a Kobold Hunter on May 5, 2021.
             Slain by a white ugly thing (33 damage)
             ... on level 7 of the Dungeon.
             The game lasted 00:20:46 (12951 turns).

Mesmaeker13 the Quickloader (Kobold Hunter)        Turns: 12951, Time: 00:20:47

Health: -2/61      AC:  5    Str: 12    XL:     10   Next: 34%
Magic:  10/10      EV: 19    Int: 13    God:
Gold:   421        SH:  5    Dex: 16    Spells: 9/9 levels left

rFire    . . .     SeeInvis .   a - +1 hand crossbow
rCold    . . .     Faith    .   (shield restricted)
rNeg     . . .     Spirit   .   c - +0 leather armour
rPois    +         Reflect  +   (no helmet)
rElec    .         Harm     .   u - +0 cloak
rCorr    .         Rampage  .   (no gloves)
Will     .....                  h - +0 pair of boots
Stlth    +++.......             i - amulet of reflection
HPRegen  0.20/turn              k - +4 ring of slaying
MPRegen  0.12/turn              D - ring of poison resistance

@: no status effects
A: small, no large weapons, nightstalker 3
a: no special abilities


You were on level 7 of the Dungeon.
You visited 2 branches of the dungeon, and saw 9 of its levels.
You also visited: Sewer.

You collected 619 gold pieces.
You spent 198 gold pieces at shops.

Inventory:

Hand Weapons
 a - a +1 hand crossbow (weapon)
 E - the +2 rapier of Focus {flame, rElec rF+ Str+3 Int-3}
   (You bought it in a shop on level 5 of the Dungeon)

   It has been specially enchanted to burn those struck by it, causing extra
   injury to most foes and up to half again as much damage against particularly
   susceptible opponents.
   It affects your strength (+3).
   It affects your intelligence (-3).
   It protects you from fire.
   It insulates you from electricity.
Missiles
 d - 41 bolts (quivered ammo)
Armour
 c - a +0 leather armour (worn)
 h - a +0 pair of boots (worn)
 o - the +2 shield of Resistance {rF++ rC++ Will++}
   (You found it in a sewer)

   It greatly protects you from fire.
   It greatly protects you from cold.
   It greatly increases your willpower.
 u - a +0 cloak (worn)
Jewellery
 i - an amulet of reflection (around neck)
 k - a +4 ring of slaying (left hand)
 y - an amulet of the acrobat
 D - a ring of poison resistance (right hand)
 G - a ring of fire
Wands
 j - a wand of polymorph (10)
 t - a wand of digging (11)
Scrolls
 e - 7 scrolls of identify
 l - 3 scrolls of blinking
 q - 3 scrolls of amnesia
 s - a scroll of acquirement {unknown}
 x - 2 scrolls of teleportation
 z - a scroll of noise {unknown}
 B - a scroll of fog {unknown}
 C - 2 scrolls of vulnerability {unknown}
 F - a scroll of magic mapping {unknown}
Potions
 b - 9 potions of curing
 f - 2 potions of invisibility {unknown}
 g - a potion of might {unknown}
 m - 4 potions of lignification {unknown}
 n - a potion of degeneration {unknown}
 p - 6 potions of heal wounds
 r - 3 potions of flight {unknown}
 v - 2 potions of ambrosia {unknown}
 w - 3 potions of attraction {unknown}
 A - a potion of brilliance {unknown}


   Skills:
 - Level 6.4 Fighting
 + Level 5.6 Short Blades
 + Level 9.9 Crossbows
 + Level 8.9 Dodging
 - Level 1.3 Stealth
 + Level 5.6 Shields


You had 9 spell levels left.
You didn't know any spells.
Your spell library contained the following spells:

 Spells                   Type           Power      Damage    Failure   Level
 Corona                   Hex            0%         N/A       36%         1
 Foxfire                  Conj/Fire      0%         2x1d4     36%         1
 Ensorcelled Hibernation  Hex/Ice        0%         N/A       52%         2
 Confusing Touch          Hex            0%         N/A       75%         3
 Conjure Flame            Conj/Fire      0%         6-21      75%         3
 Dazzling Flash           Conj/Hex       0%         N/A       75%         3
 Inner Flame              Hex/Fire       0%         N/A       75%         3
 Tukima's Dance           Hex            0%         N/A       75%         3
 Sticky Flame             Conj/Fire      0%         2d3       98%         4
 Bolt of Magma            Conj/Fire/Erth 0%         4d4       100%        5
 Fireball                 Conj/Fire      0%         3d3       100%        5
 Iskenderun's Battlesphe  Conj           0%         2d6       100%        5
 Iron Shot                Conj/Erth      0%         9d1       100%        6
 Orb of Destruction       Conj           0%         N/A       100%        7
 Spellforged Servitor     Conj/Summ      0%         N/A       100%        7


Dungeon Overview and Level Annotations

Branches:
Dungeon (8/15)             Temple (1/1) D:7           Sewer (visited)
   Lair: D:8-11

Altars:
Ashenzari
Dithmenos
Elyvilon
Fedhas
Gozag
Kikubaaqudgha
Okawaru
Qazlal
Ru
Sif Muna
Uskayaw
Vehumet
Wu Jian
Zin
The Shining One

Shops:
D:5 (([(

Annotations:
D:6 Maggie


Innate Abilities, Weirdness & Mutations

You are small and have problems with some larger weapons.
You are completely attuned to the shadows.


Message History

The white ugly thing is lightly wounded.
The white ugly thing completely misses you.
You shoot a bolt. The bolt hits the white ugly thing.
The white ugly thing is moderately wounded.
The white ugly thing barely misses you.
You shoot a bolt.
The bolt barely misses the white ugly thing.
The white ugly thing closely misses you.
You shoot a bolt. The bolt hits the white ugly thing.
The white ugly thing is moderately wounded.
You block the white ugly thing's attack.
You shoot a bolt.
The bolt barely misses the white ugly thing.
The white ugly thing barely misses you.
You shoot a bolt.
The bolt completely misses the white ugly thing.
The white ugly thing barely misses you.
You shoot a bolt.
The bolt barely misses the white ugly thing.
The white ugly thing barely misses you.
You shoot a bolt.
The bolt closely misses the white ugly thing.
The white ugly thing misses you.
You shoot a bolt. The bolt hits the white ugly thing!!
The white ugly thing is heavily wounded.
The white ugly thing stings you. The white ugly thing freezes you!!
Ouch! That really hurt!
You are too injured to fight recklessly!
You are too injured to fight recklessly!
Found a leather armour.
The white ugly thing closely misses you.
The white ugly thing completely misses you.
The white ugly thing stings you but does no damage.
The white ugly thing barely misses you.
Found a stone staircase leading up.
The white ugly thing closely misses you.
There is a stone staircase leading up here.
The white ugly thing stings you. The white ugly thing freezes you!!
Ouch! That really hurt!
You die...

...#.....#........##.#
##.#.###.#.###.......#
u..#.....#...........#
#.....#.....g........#
#.###.#.###..........#
#.)[..#..............#
...#.........#.......#
##.#.###...#.#.......#
...#......##.#..@u...#
#........## #.......#
#)###...... #.......#
#......##### ###..##.#
......###### #..##.#
.....##...... ... #.#
...####....... #.#
##.####...(........#.#
##.................#.#


You could see a white ugly thing.

Vanquished Creatures
  A steam dragon (D:8)
  2 water moccasins
  3 black bears
  2 sky beasts
  2 orc warriors
  2 necrophages (D:6)
  3 ogres
  2 centaurs (D:8)
  8 bullfrogs
  4 scorpions
  A water moccasin skeleton (D:6)
  6 wights
  2 howler monkeys
  3 centaur zombies
  Crazy Yiuf (D:4)
  4 jellies
  2 centaur skeletons
  3 gnoll shamans
  A hound (D:6)
  An iguana (D:7)
  4 orc wizards
  A killer bee zombie (D:7)
  A hound skeleton (D:7)
  8 gnolls
  A howler monkey zombie (D:6)
  11 adders
  5 river rats (Sewer)
  2 shadow imps (D:6)
  A white imp (D:7)
  An ufetubus (D:7)
  5 worms
  2 dart slugs
  17 orcs
  8 endoplasms
  2 giant cockroaches
  11 goblins
  8 hobgoblins
  2 quokkas
  8 ball pythons
  2 bats (D:2)
  2 frilled lizards
  25 kobolds
  23 rats
203 creatures vanquished.

Vanquished Creatures (others)
  A kobold (Sewer)
  15 fungi (D:8)
  11 plants (D:8)
27 creatures vanquished.

Grand Total: 230 creatures vanquished

Notes
Turn   | Place    | Note
-------+----------+-------------------------------------------
     0 | D:1      | Mesmaeker13 the Kobold Hunter began the quest for the Orb.
     0 | D:1      | Reached XP level 1. HP: 12/12 MP: 1/1
    81 | D:1      | Found a faded altar of an unknown god.
   280 | D:1      | Reached skill level 5 in Crossbows
   280 | D:1      | Reached XP level 2. HP: 18/18 MP: 2/2
  1237 | D:2      | Reached XP level 3. HP: 17/22 MP: 3/3
  1487 | D:3      | Found a sacrificial altar of Ru.
  1878 | D:3      | Reached XP level 4. HP: 28/28 MP: 4/4
  2063 | D:3      | Found a glowing drain.
  2069 | Sewer    | Entered a sewer
  2112 | Sewer    | Found the +2 shield of Resistance {rF++ rC++ Will++}
  2551 | Sewer    | Reached XP level 5. HP: 31/32 MP: 5/5
  2950 | Sewer    | Reached skill level 1 in Shields
  3951 | D:4      | Noticed an ogre
  4027 | D:4      | Reached XP level 6. HP: 38/38 MP: 6/6
  4036 | D:4      | Reached skill level 6 in Crossbows
  4148 | D:4      | Found a shimmering blue altar of Sif Muna.
  4156 | D:4      | Killed an ogre
  4431 | D:4      | Identified the +11 war axe of Peamizes {vorpal, Contam rN+
                  | Str+3}
  4431 | D:4      | Noticed a black bear
  4926 | D:5      | Entered Level 5 of the Dungeon
  5014 | D:5      | Noticed an ogre
  5022 | D:5      | Killed an ogre
  5023 | D:5      | Reached XP level 7. HP: 34/44 MP: 7/7
  5245 | D:5      | Found an iron altar of Okawaru.
  5428 | D:5      | Found Riulikh's Antique Weapon Boutique.
  5430 | D:5      | Found Ojuohab's Armour Boutique.
  5431 | D:5      | Found Linkic's Weapon Boutique.
  5571 | D:5      | Found Arumogro's Antique Weapon Boutique.
  5849 | D:5      | Reached skill level 5 in Dodging
  6031 | D:6      | Reached skill level 5 in Fighting
  6031 | D:6      | Reached skill level 7 in Crossbows
  6031 | D:6      | Reached XP level 8. HP: 31/49 MP: 8/8
  6614 | D:6      | Found a radiant altar of Vehumet.
  7183 | D:6      | Reached skill level 8 in Crossbows
  7183 | D:6      | Reached XP level 9. HP: 49/55 MP: 9/9
  7226 | D:6      | Noticed Maggie
  7519 | D:4      | Found a runed translucent door.
  7522 | D:4      | Noticed Crazy Yiuf
  7531 | D:4      | Killed Crazy Yiuf
  9705 | D:5      | Bought a polished rapier for 198 gold pieces
  9705 | D:5      | Identified the +2 rapier of Focus {flame, rElec rF+ Str+3
                  | Int-3} (You bought it in a shop on level 5 of the Dungeon)
  9807 | D:6      | Reached skill level 1 in Short Blades
 10303 | D:7      | Found a staircase to the Ecumenical Temple.
 10319 | Temple   | Entered the Ecumenical Temple
 10518 | D:7      | Noticed a white ugly thing
 11071 | D:7      | Reached skill level 9 in Crossbows
 11311 | D:7      | Found a white marble altar of Elyvilon.
 11456 | D:8      | Reached skill level 5 in Shields
 11464 | D:8      | Reached XP level 10. HP: 61/61 MP: 10/10
 12009 | D:8      | Reached skill level 5 in Short Blades
 12951 | D:7      | Slain by a white ugly thing

Illustrated notes

Levels and vault maps discovered:
D:1:      minmay_arrival_jagged, layout_loops_ring, basic_ecumenical_altar,
          chequers_serial_rivers_micro_e, moated_statue,
          corexii_item_surrounded_by_moat
D:2:      minmay_thinvault, layout_basic, corner_web_ring
D:3:      layout_basic, nicolae_ru_awakened_eye, cheibrodos_sewer_entry_bend
D:4:      layout_basic, nicolae_overflow_crystal_walls, serial_co_window_serial,
          co_window_cross_1, co_window_of_opportunity_a,
          co_window_of_opportunity_a, co_window_paths_b, co_window_paths_a,
          co_window_broadway_c, co_window_broadway_b, co_window_2corner,
          co_window_of_opportunity_c, minivault_14, uniq_crazy_yiuf_cottage
D:5:      layout_basic, okawaru_ov_weapons_minmay, minmay_shop_grid_forest,
          nrook_mini_backslash
D:6:      layout_basic, amcnicky_altar_gilded, serial_rivers,
          chequers_serial_rivers_marsh, chequers_serial_rivers_small_b,
          chequers_serial_rivers_room_b, chequers_serial_rivers_micro_d,
          uniq_maggie
D:7:      hangedman_cross_stitches, layout_rooms, makhleb_blood_cavern_becter,
          kennysheep_mini, minmay_temple_entry_offerings
D:8:      layout_basic, trog_ov_bears_minmay,
          chequers_temple_overflow_statue_of_worship,
          grunt_lair_entry_orc_guard_hut
Temple:   cyrus_temple_forest

Skill      XL: |  1  2  3  4  5  6  7  8  9 10 |
---------------+-------------------------------+-----
Crossbows      | 5 6 7 8 9 |  9.9
Dodging        | 3 4 5 6 8 |  8.9
Fighting       | 3 4 5 6 |  6.4
Shields        | 1 2 3 5 |  5.6
Short Blades   | 4 5 |  5.6
Stealth        | |  1.3

Action                   |  1- 3 |  4- 6 |  7- 9 | 10-12 || total
-------------------------+-------+-------+-------+-------++-------
Melee: Short sword       |    24 |       |       |       ||    24
       Whip              |    28 |    50 |       |       ||    78
       Trident           |       |    44 |       |       ||    44
       Rapier            |       |       |    53 |    36 ||    89
 Fire: Hand crossbow     |    11 |    65 |   241 |    51 ||   368
Evoke: Wand              |       |       |       |     4 ||     4
  Use: Potion            |       |     2 |       |       ||     2
       Scroll            |       |     3 |     1 |       ||     4
 Stab: Sleeping          |     8 |     2 |     1 |       ||    11
Armor: Leather armour    |     5 |    17 |    30 |     9 ||    61
Dodge: Dodged            |    27 |    67 |   113 |    65 ||   272
Block: Other             |     4 |    31 |    36 |    16 ||    87
       Reflection        |       |     1 |       |       ||     1

Table legend: (Time is in decaauts)
 A = Elapsed time spent in this place.
 B = Non-inter-level travel time spent in this place.
 C = Inter-level travel time spent in this place.
 D = Time resting spent in this place.
 E = Time spent auto-exploring this place.
 F = Levels seen in this place.
 G = Mean time per level.
                   A        B        C        D        E       F      G
               +--------+--------+--------+--------+--------+-----+--------+
         Total |  13065 |  12470 |    595 |   3078 |   7051 |  10 | 1306.5 |
       Dungeon |  11536 |  10962 |    574 |   2453 |   6630 |   8 | 1442.0 |
        Temple |    130 |    109 |     21 |      0 |     84 |   1 |  130.0 |
         Sewer |   1398 |   1398 |      0 |    625 |    337 |   1 | 1398.0 |
               +--------+--------+--------+--------+--------+-----+--------+

Top non-repeatable levels by time:
     D:4: 1895 daAuts
     D:2: 1854 daAuts
     D:6: 1811 daAuts
     D:7: 1527 daAuts
   Sewer: 1398 daAuts
     D:3: 1157 daAuts
     D:1: 1117 daAuts
     D:5: 1089 daAuts
     D:8: 1083 daAuts
  Temple: 130 daAuts
